Map: King's Cove LE

Players

PtitDrogo

  • Race: Protoss Protoss
  • Spawn Location: 11:00

Nerchio - Winner!

  • Race: Zerg Zerg
  • Spawn Location: 5:00

Event: IEM Season 13: Katowice (2019)

VOD

Have the link to the VOD?

Description

Time

  • Played on: Feb. 25, 2019, 10:36 a.m.
  • Length: 13:41

All games in this series

Show
View Real Time Build Order
Export as new Build Order

PtitDrogo Protoss 

Build Orders: 1 Gate Expand, Oracle Opening, Archon Immortal, Archon Drop 

Get SALT Encoding   

  12  0:00  Probe  
  13  0:12  Probe  
  14  0:19  Pylon  
  14  0:24  Probe  
  15  0:33  Probe  
  15  0:41  Probe  
  16  0:43  Gateway  
  16  0:46  Assimilator  
  17  0:51  Probe  
  18  1:03  Probe  
  19  1:15  Probe  
  20  1:25  Nexus  
  20  1:35  Cybernetics Core  
  20  1:38  Probe  
  21  1:46  Assimilator  
  21  1:50  Probe  
  22  1:54  Pylon  
  22  2:02  Adept, Probe  
  23  2:15  Probe  
  26  2:17  Stargate  
  26  2:26  Probe  
  26  2:27  Warp Gate  
  27  2:33  Probe  
  27  2:34  Stalker  
  27  2:35  Probe  
  29  2:41  Probe  
  29  2:43  Probe  
  33  2:51  Probe  
  33  2:52  Oracle  
  33  2:53  Probe  
  35  3:04  Probe  
  39  3:05  Probe  
  40  3:13  Pylon  
  40  3:16  Probe  
  40  3:17  Probe  
  42  3:23  Robotics Facility  
  42  3:28  Probe  
  42  3:30  Probe, Assimilator  
  42  3:33  Assimilator  
  44  3:38  Gateway  
  44  3:40  Probe  
  45  3:42  Probe  
  46  3:52  Probe  
  46  3:54  Probe  
  48  3:58  Twilight Council  
  48  4:04  Probe  
  48  4:06  Probe  
  48  4:08  Warp Prism  
  48  4:09  Gateway  
  50  4:11  Gateway  
  50  4:13  Pylon  
  50  4:20  Probe x2  
  54  4:33  Probe  
  54  4:34  Probe  
  54  4:35  Templar Archives  
  56  4:39  Pylon  
  56  4:40  Zealot  
  56  4:45  Observer  
  59  4:53  Nexus  
  59  4:55  Pylon, Probe  
  60  5:00  Pylon  
  60  5:03  Probe  
  61  5:08  Probe  
  61  5:11  High Templar x2  
  61  5:12  High Templar  
  61  5:13  Immortal, High Templar  
  70  5:15  Probe, Archon  
  70  5:17  Archon  
  71  5:21  Forge  
  75  5:29  Gateway  
  75  5:38  Protoss Ground Weapons Level 1  
  75  5:40  Gateway, Charge  
  75  5:41  Gateway  
  75  5:47  Gateway, Probe  
  76  5:55  Immortal  
  76  5:57  Stalker  
  76  6:01  Stalker  
  80  6:10  Probe x2  
  86  6:13  Sentry  
  86  6:18  Probe  
  89  6:21  Sentry  
  89  6:22  Zealot  
  89  6:24  Pylon  
  93  6:26  Pylon  
  93  6:37  High Templar  
  93  6:38  Zealot  
  93  6:39  Zealot x2  
  93  6:47  Zealot  
  93  6:48  Zealot  
  93  6:49  Zealot  
  93  6:52  Immortal  
  83  6:59  Zealot x3  
  79  7:09  Zealot  
  79  7:10  Zealot x3  
  79  7:16  Probe  
  79  7:17  Probe x2  
  79  7:24  Void Ray  
  79  7:25  High Templar x2  
  79  7:26  Zealot, Protoss Ground Weapons Level 2  
  79  7:29  Probe x2  
  91  7:32  Archon  
  91  7:34  Zealot x3, Warp Prism  
  97  7:38  Probe  
  97  7:39  Pylon  
  97  7:41  Probe  
  91  7:49  Probe  
  91  7:50  Probe, Assimilator  
  95  7:52  Assimilator  
  95  7:53  Probe  
  95  7:58  Zealot  
  98  8:02  Zealot  
  98  8:05  Zealot x2  
  103  8:10  Probe  
  104  8:14  High Templar x2  
  104  8:15  Zealot  
  104  8:18  Pylon, Archon  
  104  8:19  Immortal  
  110  8:28  Sentry  
  110  8:33  Photon Cannon  
  117  8:37  Zealot  
  117  8:40  Zealot, High Templar x2  
  117  8:41  Zealot  
  127  8:44  Archon  
  127  8:47  Zealot x2  
  130  8:49  Pylon  
  130  8:50  Pylon  
  130  8:51  Pylon  
  130  8:57  High Templar  
  130  9:10  High Templar  
  130  9:16  Zealot x3, High Templar x2  
  130  9:17  Zealot  
  144  9:20  Archon  
  144  9:22  Archon  
  144  9:24  Pylon  
  144  9:26  Pylon  
  144  9:28  Pylon  
  144  9:37  Stalker x5  
  143  9:38  Photon Cannon  
  136  9:48  Stalker x2  
  91  10:08  Stalker x2  
  90  10:19  Probe  
  90  10:20  Probe x2  
  90  10:36  Zealot x2  
  90  10:49  Probe  
  86  10:57  Probe  
  87  11:07  Probe  
  87  11:18  Probe  
  88  11:19  Probe  
  88  11:21  Probe  
  88  11:30  Probe  
  88  11:31  Probe  
  90  11:35  Pylon  
  90  11:38  Pylon  
  88  11:41  Probe  
  88  11:42  Probe  
  88  11:43  Probe  
  91  11:49  Probe  
  91  11:50  Probe  
  91  11:55  Probe  
  91  11:57  Probe  
  91  11:58  Probe  
  93  12:06  Sentry x3  
  93  12:08  Probe  
  100  12:17  Observer  
  91  12:24  Stalker x2  
  91  12:29  Probe, Phoenix  
  83  12:38  Observer  
  83  12:40  Probe  
  83  12:41  Probe  
  88  12:52  Probe  
  88  12:53  Probe x2  
  90  13:04  Probe, Phoenix  
  90  13:05  Probe  
  92  13:06  Probe  
  95  13:17  Probe x2  
  95  13:18  Probe  
  94  13:29  Probe  
Show
View Real Time Build Order
Export as new Build Order

Nerchio Zerg - Winner!

Build Orders: Hatch First 

Get SALT Encoding   

  12  0:00  Drone  
  13  0:12  Overlord  
  13  0:18  Drone  
  14  0:31  Drone x2  
  14  0:34  Drone  
  17  0:53  Hatchery  
  17  0:56  Drone  
  17  0:59  Drone  
  18  1:06  Extractor  
  17  1:14  Spawning Pool  
  17  1:17  Drone  
  17  1:21  Drone  
  18  1:28  Drone  
  19  1:38  Overlord  
  19  1:50  Drone  
  20  2:01  Queen  
  20  2:02  Zergling x2  
  20  2:05  Queen, Zergling x2  
  26  2:11  Metabolic Boost  
  26  2:15  Drone  
  27  2:18  Drone  
  27  2:22  Drone  
  29  2:27  Drone  
  30  2:41  Hatchery  
  30  2:43  Drone  
  30  2:49  Overlord  
  30  2:51  Drone  
  31  2:57  Queen  
  33  3:00  Drone  
  33  3:02  Drone  
  33  3:05  Drone  
  36  3:12  Drone x3  
  39  3:14  Drone  
  39  3:17  Zergling x2  
  39  3:19  Zergling x2  
  42  3:22  Spore Crawler  
  42  3:26  Overlord  
  41  3:28  Drone  
  41  3:30  Drone  
  41  3:32  Drone  
  44  3:37  Overlord  
  44  3:46  Drone  
  45  3:49  Drone x2  
  45  3:50  Drone x2  
  45  3:53  Spore Crawler  
  46  3:56  Lair  
  46  3:57  Drone x2  
  48  4:03  Drone  
  48  4:04  Drone, Roach Warren  
  49  4:10  Spore Crawler  
  49  4:11  Queen  
  49  4:14  Drone  
  51  4:18  Extractor, Drone x2  
  51  4:19  Extractor  
  51  4:20  Drone  
  51  4:22  Drone  
  53  4:25  Overlord  
  53  4:27  Drone  
  53  4:28  Drone  
  54  4:31  Drone  
  54  4:32  Drone  
  55  4:41  Overlord x2  
  55  4:43  Drone x2  
  55  4:44  Drone  
  55  4:45  Drone  
  59  4:52  Queen  
  61  4:56  Glial Reconstitution  
  61  4:57  Drone x2  
  61  4:58  Drone  
  64  5:03  Roach x2  
  64  5:04  Roach  
  70  5:07  Roach  
  70  5:08  Roach  
  70  5:10  Roach  
  76  5:17  Roach  
  76  5:18  Roach  
  76  5:19  Overlord x2  
  80  5:22  Overseer  
  80  5:23  Overlord  
  80  5:31  Overlord  
  80  5:40  Nydus Network  
  80  5:42  Extractor, Drone x3  
  81  5:47  Queen x2  
  84  5:51  Roach x4  
  92  5:58  Zergling x12  
  92  5:59  Zergling x2  
  99  6:05  Zergling x8  
  99  6:09  Ravager x2  
  105  6:16  Nydus Canal  
  105  6:19  Zergling x2  
  105  6:20  Zergling x6  
  105  6:24  Ravager  
  110  6:26  Ravager  
  110  6:27  Zergling x4  
  110  6:31  Overlord  
  113  6:35  Overlord  
  111  6:44  Overlord  
  103  6:51  Zergling x12  
  103  6:53  Zergling x2  
  99  6:56  Zergling x6  
  92  7:01  Zergling x4  
  92  7:02  Zergling x2  
  92  7:04  Zergling x2  
  89  7:10  Roach x2  
  81  7:24  Queen, Spire  
  81  7:26  Nydus Canal  
  81  7:28  Drone x2  
  84  7:32  Drone x3  
  84  7:36  Drone  
  85  7:39  Drone x2  
  85  7:40  Drone  
  85  7:41  Queen x2  
  85  7:43  Extractor x2  
  85  7:50  Roach x2  
  85  7:51  Roach  
  89  7:55  Hatchery  
  88  7:59  Queen  
  88  8:01  Drone x3  
  92  8:07  Drone  
  91  8:36  Mutalisk  
  91  8:37  Mutalisk x7  
  91  8:41  Mutalisk x3  
  107  8:42  Mutalisk  
  107  8:47  Queen  
  117  8:52  Overlord x2  
  117  8:53  Roach x3  
  121  8:56  Ravager x2  
  123  9:04  Roach x2  
  123  9:05  Roach  
  123  9:08  Roach x2  
  123  9:09  Roach x2  
  135  9:10  Roach  
  135  9:13  Roach  
  135  9:14  Roach x2  
  135  9:15  Spine Crawler  
  135  9:17  Spine Crawler  
  136  9:18  Spine Crawler  
  136  9:19  Roach x2, Spine Crawler x2  
  136  9:20  Roach  
  136  9:22  Roach, Spine Crawler  
  136  9:23  Spine Crawler x2  
  138  9:26  Drone  
  138  9:27  Drone  
  138  9:30  Drone  
  141  9:33  Ravager x3  
  144  9:41  Roach x4  
  144  9:42  Roach  
  152  9:45  Zergling x2  
  152  9:46  Zergling x4  
  152  9:53  Overlord  
  144  10:05  Overlord x2  
  127  10:23  Roach x7  
  140  10:29  Overlord x2  
  140  10:34  Overlord x2  
  140  10:46  Overlord  
  140  10:49  Zerg Flyer Weapons Level 1  
  140  10:54  Mutalisk x4  
  148  11:06  Mutalisk x3  
  153  11:22  Hatchery  
  153  11:24  Mutalisk x2  
  156  11:26  Mutalisk  
  158  11:48  Mutalisk x2  
  162  11:56  Hatchery  
  161  12:06  Drone x3  
  164  12:08  Extractor  
  164  12:10  Extractor  
  164  12:11  Mutalisk x2  
  154  12:23  Mutalisk x2  
  154  12:25  Overlord  
  158  12:33  Mutalisk  
  160  12:37  Drone x4  
  160  12:41  Mutalisk  
  166  12:51  Mutalisk  
  163  13:08  Mutalisk x2  
  163  13:10  Drone  
  163  13:11  Drone x7  
  173  13:17  Extractor  
  173  13:18  Overlord x2  
  172  13:21  Overseer  

Tags
 
Add a new tag
Caveats
  • Supply blocks, unpowered buildings, or Contaminate may cause inaccurate times.
  • Supply counts are checked every 10 seconds.